 Dungeon Crawl Stone Soup version 0.27-a0-1196-g3e9cee4cb2 (webtiles) character file.

Game seed: 7293250035595013179

79 mordus the Conjurer (level 4, -3/33 HPs)
             Began as a Draconian Conjurer on May 27, 2021.
             Killed by divine providence
             ... invoked by an orc priest
              (11 damage)
             ... on level 3 of the Dungeon.
             The game lasted 00:07:47 (1899 turns).

mordus the Conjurer (Draconian Conjurer)            Turns: 1899, Time: 00:07:50

Health: -3/33      AC:  6    Str:  9    XL:     4   Next: 17%
Magic:  5/8        EV: 12    Int: 19    God:
Gold:   78         SH:  0    Dex: 10    Spells: 6/9 levels left

rFire    . . .     SeeInvis .   c - +0 dagger
rCold    . . .     Faith    .   (no shield)
rNeg     . . .     Spirit   .   (armour unavailable)
rPois    .         Reflect  .   (helmet restricted)
rElec    .         Harm     .   a - +0 cloak
rCorr    .         Rampage  .   (no gloves)
Will     .....                  (no boots)
Stlth    ++........             (no amulet)
HPRegen  0.11/turn              (no ring)
MPRegen  0.11/turn              (no ring)

@: no status effects
A: AC +5, unfitting armour, cold-blooded
a: no special abilities


You were on level 3 of the Dungeon.
You visited 1 branch of the dungeon, and saw 3 of its levels.

You collected 78 gold pieces.

Inventory:

Hand Weapons
 c - a +0 dagger (weapon)
Armour
 a - a +0 cloak (worn)
Scrolls
 d - a scroll of enchant armour {unknown}
 e - 2 scrolls of magic mapping {unknown}
Potions
 b - a potion of curing
 f - a potion of mutation {unknown}
 g - a potion of haste {unknown}
 h - a potion of ambrosia {unknown}
 i - 2 potions of degeneration {unknown}
 j - a potion of brilliance {unknown}
 k - 2 potions of might {unknown}


   Skills:
 - Level 1.7 Dodging
 - Level 1.7 Stealth
 + Level 3.2 Spellcasting
 + Level 4.9 Conjurations


You had 6 spell levels left.
You knew the following spells:

 Your Spells              Type           Power      Damage    Failure   Level
a - Magic Dart            Conj           84%        1d7       1%          1
b - Searing Ray           Conj           42%        3d4       3%          2

Your spell library contained the following spells:

 Spells                   Type           Power      Damage    Failure   Level
 Dazzling Flash           Conj/Hex       24%        N/A       16%         3
 Confusing Touch          Hex            3%         N/A       41%         3
 Gell's Gravitas          Tloc           1%         N/A       41%         3
 Fulminant Prism          Conj/Hex       6%         3d7       47%         4
 Iskenderun's Mystic Bla  Conj/Tloc      12%        2d5       47%         4
 Petrify                  Tmut/Erth      3%         N/A       83%         4
 Metabolic Englaciation   Hex/Ice        1%         N/A       99%         5
 Yara's Violent Unravell  Hex/Tmut       1%         3d3       99%         5


Dungeon Overview and Level Annotations

Branches:
Dungeon (3/15)

Altars:


Innate Abilities, Weirdness & Mutations

Your plain brown scales are hard. (AC +5)
You cannot fit into any form of body armour.
You are cold-blooded and may be slowed by cold attacks.


Message History

You barely miss the orc.
The orc is almost dead.
The orc barely misses you.
An orc comes into view.
It is wielding a +0 club and wearing a +2 ring mail of poison resistance.
You barely miss the orc.
The orc is almost dead.
The orc closely misses you.
The orc shouts!
You hit the orc but do no damage.
The orc is almost dead.
You hear a shout!
The orc hits you with a +0 short sword.
You hear a shout!
You barely miss the orc.
The orc is almost dead.
The orc hits you with a +0 short sword.
The orc priest calls upon Beogh to heal the orc.
The orc's wounds heal themselves!
The orc hits you but does no damage.
The orc priest looks encouraged for a moment.
The orc hits you but does no damage.
Casting: Magic Dart (safe; 1% risk of failure)
Confirm with . or Enter, or press ? or * to list all spells.
Aiming: Searing Ray (safe; 3% risk of failure)
Press: ? - help, Shift-Dir - straight line, p - orc The searing ray hits the orc.
The orc is severely wounded.
The searing ray hits the orc.
The orc is moderately wounded. (Press . to maintain the ray.)
The orc priest invokes the aid of Beogh against you.
Beogh smites you! The orc hits you with a +0 short sword.
* * * LOW HITPOINT WARNING * * *
The searing ray hits the orc!
You kill the orc!
The searing ray hits the orc.
The orc is heavily wounded.
The orc priest invokes the aid of Beogh against you.
Beogh smites you!
You die...

#.....).o.......
#####.##.##.####
###.##.##.###
#.o.o.........
#.#####.######
#.# .# #o# .#
#)# .# #@# .#
#.# .# #.# ##.##
##...#
#..#^####.
#...†.....
#)#.###### #.#.#


You could see an orc priest and an orc.

Vanquished Creatures
  Jessica (D:2)
  An adder (D:2)
  An adder skeleton (D:2)
  A worm (D:2)
  A dart slug (D:3)
  2 orcs (D:3)
  3 ball pythons (D:1)
  5 bats
  4 endoplasms
  A giant cockroach (D:1)
  4 goblins
  2 hobgoblins
  2 quokkas
  3 frilled lizards
  2 kobolds (D:1)
  3 rats
36 creatures vanquished.

Notes
Turn   | Place    | Note
-------+----------+-------------------------------------------
     0 | D:1      | mordus the Draconian Conjurer began the quest for the Orb.
     0 | D:1      | Reached XP level 1. HP: 14/14 MP: 3/3
   222 | D:1      | Reached XP level 2. HP: 20/20 MP: 1/5
   259 | D:1      | Learned a level 2 spell: Searing Ray
   956 | D:2      | Reached XP level 3. HP: 6/26 MP: 1/7
  1438 | D:2      | Noticed Jessica
  1454 | D:2      | Killed Jessica
  1455 | D:2      | Reached XP level 4. HP: 23/33 MP: 3/8
  1899 | D:3      | Killed from afar by an orc priest

Illustrated notes

Levels and vault maps discovered:
D:1:      dpeg_arrival_houses_and_road, layout_basic, st_stairs_1
D:2:      layout_rooms, uniq_jessica
D:3:      layout_loops_ring

Skill      XL: |  1  2  3 |
---------------+----------+-----
Spellcasting   | 3 |  3.2
Dodging        | |  1.7
Stealth        | |  1.7
Conjurations   | |  4.9

Action                   |  1- 3 |  4- 6 || total
-------------------------+-------+-------++-------
Melee: Unarmed           |    32 |       ||    32
       Tailslap          |     3 |       ||     3
       Dagger            |    10 |     6 ||    16
 Cast: Magic Dart        |    58 |    16 ||    74
       Searing Ray       |       |     1 ||     1
  Use: Potion            |     1 |       ||     1
 Stab: Sleeping          |     1 |       ||     1
Armor: Skin              |    13 |     4 ||    17
Dodge: Dodged            |    34 |     4 ||    38

Table legend: (Time is in decaauts)
 A = Elapsed time spent in this place.
 B = Non-inter-level travel time spent in this place.
 C = Inter-level travel time spent in this place.
 D = Time resting spent in this place.
 E = Time spent auto-exploring this place.
 F = Levels seen in this place.
 G = Mean time per level.
                   A        B        C        D        E       F      G
               +--------+--------+--------+--------+--------+-----+--------+
         Total |   1898 |   1870 |     28 |    466 |   1102 |   3 |  632.7 |
       Dungeon |   1898 |   1870 |     28 |    466 |   1102 |   3 |  632.7 |
               +--------+--------+--------+--------+--------+-----+--------+

Top non-repeatable levels by time:
     D:2: 881 daAuts
     D:1: 836 daAuts
     D:3: 179 daAuts
